[Event "95th Caplin Hastings Congress"]
[Site "Hastings"]
[Date "2019.12.30"]
[Round "3.35"]
[White "Zheng, Jerry Z"]
[Black "Pekin, Tolgay"]
[Result "0-1"]
[ECO "B01"]
[WhiteElo "1565"]
[BlackElo "2080"]
[Annotator "NA"]
[PlyCount "120"]
[EventDate "2019.12.28"]
[EventType "swiss"]
[EventCountry "ENG"]
[SourceTitle "playchess.com"]
[Source "ChessBase"]
[SourceQuality "1"]
[TimeControl "40/6600+30:3000+30"]

1. e4 d5 2. exd5 Qxd5 3. Nc3 Qd6 4. d4 Nf6 5. Bc4 Nc6 6. Be3 e5 7. Nge2 Bg4 8. f3 Bf5 9. Qd2 Qb4 10. Bb3 O-O-O 11. a3 Qa5 12. d5 Bc5 13. Bxc5 Qxc5 14. O-O-O Ne7 15. Ng3 Bg6 16. Rhe1 Nd7 17. Nge4 Bxe4 18. Nxe4 Qb6 19. Qc3 Kb8 20. d6 cxd6 21. Nxd6 Nc5 22. Qxe5 Nxb3+ 23. cxb3 Ng6 24. Qg3 Ka8 25. Nxf7 Qc5+ 26. Kb1 Qf5+ 27. Ka2 Qxf7 28. Qg5 Rxd1 29. Rxd1 Qe7 30. Qxe7 Nxe7 31. Rd7 Re8 32. b4 Kb8 33. Kb3 Kc8 34. Rd4 Nc6 35. Rg4 g6 36. b5 Re3+ 37. Ka4 Ne5 38. Re4 Rxe4+ 39. fxe4 Kd7 40. Kb4 Ng4 41. Kc5 Nxh2 42. b6 a6 43. b4 g5 44. a4 g4 45. a5 Nf3 46. b5 Nd2 47. bxa6 bxa6 48. e5 Nb3+ 49. Kb4 Nd4 50. Kc5 Ne6+ 51. Kd5 Nd8 52. e6+ Ke7 53. Ke4 Kxe6 54. Kf4 Nb7 55. Kxg4 Nxa5 56. Kh5 Nb7 57. g4 a5 58. Kh6 a4 59. g5 Kf5 60. Kxh7 Kxg5 0-1

[Event "95th Caplin Hastings Congress"]
[Site "Hastings"]
[Date "2019.12.30"]
[Round "3.36"]
[White "Brouwer, Dennis"]
[Black "Thorpe, Thomas"]
[Result "1-0"]
[ECO "A85"]
[WhiteElo "2202"]
[BlackElo "1924"]
[Annotator "NA"]
[PlyCount "63"]
[EventDate "2019.12.28"]
[EventType "swiss"]
[EventCountry "ENG"]
[SourceTitle "playchess.com"]
[Source "ChessBase"]
[SourceQuality "1"]
[TimeControl "40/6600+30:3000+30"]

1. c4 f5 2. Nc3 Nf6 3. d4 e6 4. Qc2 Bb4 5. a3 Bxc3+ 6. Qxc3 O-O 7. g3 d6 8. Bg2 Nbd7 9. b4 Qe7 10. Bb2 c6 11. Nf3 a5 12. O-O Nb6 13. Qc2 axb4 14. axb4 Bd7 15. Nd2 c5 16. dxc5 dxc5 17. b5 e5 18. Bxb7 Rxa1 19. Rxa1 Bxb5 20. cxb5 Qxb7 21. Bxe5 Qd5 22. Bc7 Nfd7 23. Ra6 Rf6 24. Nb1 c4 25. Nc3 Qc5 26. Bf4 Qb4 27. Be3 Rd6 28. Kg2 g6 29. Ra1 Nc5 30. Rb1 Nb3 31. Bxb6 Rxb6 32. Nd5 1-0

[Event "95th Caplin Hastings Congress"]
[Site "Hastings"]
[Date "2019.12.30"]
[Round "3.37"]
[White "Jukes, Sam"]
[Black "Makkar, Rajat"]
[Result "0-1"]
[ECO "C52"]
[WhiteElo "1906"]
[BlackElo "2137"]
[Annotator "NA"]
[PlyCount "74"]
[EventDate "2019.12.28"]
[EventType "swiss"]
[EventCountry "ENG"]
[SourceTitle "playchess.com"]
[Source "ChessBase"]
[SourceQuality "1"]
[TimeControl "40/6600+30:3000+30"]

1. e4 e5 2. Nf3 Nc6 3. Bc4 Bc5 4. b4 Bxb4 5. c3 Ba5 6. d4 Bb6 7. O-O d6 8. dxe5 dxe5 9. Qxd8+ Nxd8 10. Nxe5 Be6 11. Nd2 Ba5 12. Bb2 c6 13. Bb3 Nf6 14. Rad1 Bc7 15. Nd3 O-O 16. h3 Re8 17. Rfe1 b6 18. f4 Nb7 19. e5 Nd5 20. c4 Ne7 21. Bc3 a5 22. a4 Rad8 23. Bc2 h5 24. Nf2 h4 25. Nfe4 Nf5 26. Ng5 Nd4 27. Bxd4 Rxd4 28. Nxe6 fxe6 29. Be4 Red8 30. Re2 Nc5 31. Bxc6 Nb3 32. Nxb3 Rxd1+ 33. Kf2 R1d3 34. Rb2 Rc3 35. Bb5 Rf8 36. Bd7 Rxf4+ 37. Ke2 Kf7 0-1

[Event "95th Caplin Hastings Congress"]
[Site "Hastings"]
[Date "2019.12.30"]
[Round "3.38"]
[White "Persson, Andreas"]
[Black "Jennings, Richard"]
[Result "1-0"]
[ECO "A46"]
[WhiteElo "2112"]
[BlackElo "1903"]
[Annotator "NA"]
[PlyCount "63"]
[EventDate "2019.12.28"]
[EventType "swiss"]
[EventCountry "ENG"]
[SourceTitle "playchess.com"]
[Source "ChessBase"]
[SourceQuality "1"]
[TimeControl "40/6600+30:3000+30"]

1. d4 d6 2. Nf3 Nf6 3. g3 Nbd7 4. Bg2 e5 5. dxe5 dxe5 6. Nc3 c6 7. O-O Be7 8. a4 a5 9. Nd2 O-O 10. Nc4 Qc7 11. Be3 Rd8 12. Qc1 Bc5 13. Rd1 Re8 14. h3 Bf8 15. Qd2 Re6 16. f4 Nh5 17. f5 Re8 18. Ne4 Nhf6 19. Ned6 Bxd6 20. Nxd6 Rd8 21. Nc4 Re8 22. g4 b6 23. Qd6 Qxd6 24. Nxd6 Rd8 25. Bxc6 Rb8 26. g5 Nh5 27. Nxc8 Rdxc8 28. Bxd7 Rxc2 29. Rd2 Rc4 30. Bb5 Re4 31. Rad1 g6 32. Rd8+ 1-0

[Event "95th Caplin Hastings Congress"]
[Site "Hastings"]
[Date "2019.12.30"]
[Round "3.39"]
[White "Metcalfe, Charlie P"]
[Black "Hutchinson, Paul A"]
[Result "0-1"]
[ECO "D46"]
[WhiteElo "1867"]
[BlackElo "2112"]
[Annotator "NA"]
[PlyCount "180"]
[EventDate "2019.12.28"]
[EventType "swiss"]
[EventCountry "ENG"]
[SourceTitle "playchess.com"]
[Source "ChessBase"]
[SourceQuality "1"]
[TimeControl "40/6600+30:3000+30"]

1. d4 d5 2. c4 c6 3. Nf3 Nf6 4. Nc3 e6 5. e3 Bd6 6. Bd3 Nbd7 7. O-O O-O 8. b3 e5 9. cxd5 cxd5 10. dxe5 Nxe5 11. Be2 Nc6 12. Bb2 h6 13. Rc1 a6 14. h3 Be6 15. Nd4 Nxd4 16. Qxd4 Qe7 17. Bf3 Rad8 18. Rfd1 Rfe8 19. Na4 Bb8 20. Qb6 Bd6 21. Kh1 Rc8 22. Bxf6 gxf6 23. Qd4 Rxc1 24. Rxc1 Be5 25. Qb6 Rd8 26. Rd1 Rd6 27. Qc5 Qd8 28. Qb4 Qc7 29. Nc5 Rc6 30. Nd3 Rc2 31. Nxe5 Qxe5 32. Qd4 Qxd4 33. Rxd4 Rxf2 34. Bxd5 Bxd5 35. Rxd5 Rxa2 36. Rd6 b5 37. Rxf6 Kg7 38. Rd6 Ra3 39. b4 Rxe3 40. Rxa6 Rb3 41. Rb6 Rxb4 42. Kg1 f6 43. Kf2 Kg6 44. Ke3 h5 45. Kd3 Rb2 46. Rb8 Kf7 47. Ke4 Rxg2 48. Rxb5 Kg6 49. Kf3 Ra2 50. Kg3 Ra3+ 51. Kh4 Ra4+ 52. Kg3 Re4 53. Ra5 Re5 54. Ra4 Kg5 55. Rb4 Re3+ 56. Kg2 Rc3 57. Ra4 Rd3 58. Rb4 Rd2+ 59. Kf3 Rd5 60. Kg3 h4+ 61. Kf3 Rd3+ 62. Kg2 f5 63. Ra4 Rg3+ 64. Kh2 Re3 65. Kg2 Re4 66. Ra8 Rb4 67. Rh8 Rb3 68. Rc8 Rb2+ 69. Kf3 Rb3+ 70. Kg2 Re3 71. Rc4 Re4 72. Rc8 Kf4 73. Rc3 Re2+ 74. Kg1 Re3 75. Rc5 Rxh3 76. Rc4+ Kg5 77. Kg2 Re3 78. Kf2 Re4 79. Rc3 Kg4 80. Rb3 Ra4 81. Rb2 f4 82. Kg2 Ra3 83. Kg1 h3 84. Rf2 Kg3 85. Rg2+ Kf3 86. Rf2+ Ke3 87. Rb2 f3 88. Rc2 Ra1+ 89. Kh2 f2 90. Rc3+ Kd4 0-1

[Event "95th Caplin Hastings Congress"]
[Site "Hastings"]
[Date "2019.12.30"]
[Round "3.40"]
[White "Drastik, Penelope"]
[Black "Comellas Blanchart, Jordi"]
[Result "0-1"]
[ECO "D80"]
[WhiteElo "1821"]
[BlackElo "2064"]
[Annotator "NA"]
[PlyCount "48"]
[EventDate "2019.12.28"]
[EventType "swiss"]
[EventCountry "ENG"]
[SourceTitle "playchess.com"]
[Source "ChessBase"]
[SourceQuality "1"]
[TimeControl "40/6600+30:3000+30"]

1. d4 Nf6 2. c4 g6 3. Nc3 d5 4. Bg5 Ne4 5. Bh4 Nxc3 6. bxc3 dxc4 7. e3 Be6 8. Be2 Nd7 9. Nh3 Nb6 10. Nf4 Bd7 11. e4 Ba4 12. Qb1 Bh6 13. Bg3 O-O 14. Qb4 Qd6 15. Qxd6 cxd6 16. O-O Bc2 17. Bf3 e5 18. Ne2 Rfe8 19. h4 f6 20. dxe5 dxe5 21. h5 Rad8 22. hxg6 hxg6 23. Rfe1 Na4 24. a3 Bd2 0-1

[Event "95th Caplin Hastings Congress"]
[Site "Hastings"]
[Date "2019.12.30"]
[Round "3.41"]
[White "Balaji, Aaravamudhan"]
[Black "Faulks, Nick"]
[Result "1-0"]
[ECO "A67"]
[WhiteElo "2050"]
[BlackElo "1900"]
[Annotator "NA"]
[PlyCount "45"]
[EventDate "2019.12.28"]
[EventType "swiss"]
[EventCountry "ENG"]
[SourceTitle "playchess.com"]
[Source "ChessBase"]
[SourceQuality "1"]
[TimeControl "40/6600+30:3000+30"]

1. d4 Nf6 2. c4 c5 3. d5 e6 4. Nc3 exd5 5. cxd5 d6 6. e4 g6 7. f4 Bg7 8. Bb5+ Nfd7 9. Be2 O-O 10. Nf3 Re8 11. O-O Bxc3 12. bxc3 Rxe4 13. f5 Re8 14. fxg6 hxg6 15. Bg5 f6 16. Qc2 Nf8 17. Nh4 Rxe2 18. Qxe2 fxg5 19. Qf3 Qe7 20. Rae1 Qg7 21. Nxg6 Nxg6 22. Re8+ Kh7 23. Qh5+ 1-0

[Event "95th Caplin Hastings Congress"]
[Site "Hastings"]
[Date "2019.12.30"]
[Round "3.42"]
[White "Verma, Shlok"]
[Black "Anuprita, Patil"]
[Result "0-1"]
[ECO "D56"]
[WhiteElo "1691"]
[BlackElo "2025"]
[Annotator "NA"]
[PlyCount "148"]
[EventDate "2019.12.28"]
[EventType "swiss"]
[EventCountry "ENG"]
[SourceTitle "playchess.com"]
[Source "ChessBase"]
[SourceQuality "1"]
[TimeControl "40/6600+30:3000+30"]

1. d4 d5 2. c4 e6 3. Nf3 Nf6 4. Nc3 Be7 5. Bg5 h6 6. Bh4 O-O 7. e3 Ne4 8. Bxe7 Qxe7 9. Qb3 Nxc3 10. Qxc3 c6 11. Bd3 Nd7 12. O-O Re8 13. Rfe1 e5 14. e4 dxc4 15. Bxc4 exd4 16. Qxd4 Nb6 17. Bb3 Be6 18. Qc3 Rad8 19. a4 Bxb3 20. Qxb3 Qe6 21. Qe3 Qe7 22. b3 Qb4 23. Rad1 Rxd1 24. Rxd1 Qxe4 25. Qxe4 Rxe4 26. Rd8+ Kh7 27. Rb8 Re7 28. Kf1 Nd5 29. Nd4 Kg6 30. g4 Re4 31. Ne2 Rb4 32. Nc1 b6 33. Nd3 Rxb3 34. Ne5+ Kf6 35. Nxc6 Ra3 36. Nxa7 Rxa4 37. Nc8 Rb4 38. Ke2 Rb2+ 39. Kf3 Ke5 40. Rb7 Rb3+ 41. Ke2 Ke6 42. Na7 Rb2+ 43. Kf3 g5 44. Nc6 Kf6 45. Nd4 Rb4 46. Nf5 h5 47. Nh6 Kg6 48. Nxf7 Rf4+ 49. Ke2 Rxf7 50. gxh5+ Kg7 51. Rb8 Rf6 52. f3 Nf4+ 53. Ke3 Nxh5 54. Rb7+ Kg6 55. Ke4 Nf4 56. Rb8 Nh3 57. Rh8 Ng1 58. h4 Rf4+ 59. Kd5 Rxh4 60. Rg8+ Kf6 61. Rf8+ Kg7 62. Rf5 Kg6 63. Ke5 Rb4 64. Rf8 Kg7 65. Rf6 Rb3 66. f4 Nf3+ 67. Kf5 Rb5+ 68. Ke6 g4 69. Rf7+ Kh6 70. Kf6 Nh4 71. Ke6 g3 72. Rc7 g2 73. Rc1 Kh5 74. Rg1 Kg4 {[%emt 0:00:00] Ke5} 0-1

[Event "95th Caplin Hastings Congress"]
[Site "Hastings"]
[Date "2019.12.30"]
[Round "3.43"]
[White "Brouwer, Willem"]
[Black "Norinkeviciute, Rasa"]
[Result "1/2-1/2"]
[ECO "A14"]
[WhiteElo "1662"]
[BlackElo "2018"]
[Annotator "NA"]
[PlyCount "112"]
[EventDate "2019.12.28"]
[EventType "swiss"]
[EventCountry "ENG"]
[SourceTitle "playchess.com"]
[Source "ChessBase"]
[SourceQuality "1"]
[TimeControl "40/6600+30:3000+30"]

1. Nf3 b6 2. g3 Bb7 3. Bg2 Nf6 4. O-O e6 5. c4 Be7 6. b3 d5 7. Bb2 c5 8. e3 dxc4 9. bxc4 O-O 10. Nc3 Nc6 11. a3 Na5 12. d3 Nd7 13. Qc2 Bf6 14. Rad1 Qe7 15. e4 Nc6 16. Rfe1 g6 17. Ne2 Rad8 18. d4 cxd4 19. Nexd4 Nxd4 20. Nxd4 a6 21. Nb3 e5 22. Rd3 a5 23. Red1 Bc6 24. Nc1 Nc5 25. Rxd8 Rxd8 26. Rxd8+ Qxd8 27. Ne2 Ba4 28. Qc1 Nb3 29. Qe1 Qd3 30. Nc3 Qxc4 31. Nd5 Bg7 32. Nxb6 Qb5 33. Nd5 Nc5 34. Bc3 Nb7 35. Bf1 Qc5 36. Qc1 Nd6 37. Bg2 Nc4 38. Bb2 Qb5 39. Bc3 Qb3 40. Qe1 Nxa3 41. Bxa5 Nc2 42. Qc1 h5 43. h4 Kh7 44. Bc3 Bc6 45. Qb2 Qxb2 46. Bxb2 Nd4 47. Kh2 Ne6 48. f3 Bb5 49. Ba3 Nd4 50. Nc3 Bc4 51. Bd6 f6 52. f4 Kg8 53. Kg1 Kf7 54. Kf2 Ke6 55. fxe5 fxe5 56. Bc5 Bh6 1/2-1/2

[Event "95th Caplin Hastings Congress"]
[Site "Hastings"]
[Date "2019.12.30"]
[Round "3.44"]
[White "De Coverly, Roger D"]
[Black "Merriman, James"]
[Result "1-0"]
[ECO "A04"]
[WhiteElo "1986"]
[BlackElo "1895"]
[Annotator "NA"]
[PlyCount "201"]
[EventDate "2019.12.28"]
[EventType "swiss"]
[EventCountry "ENG"]
[SourceTitle "playchess.com"]
[Source "ChessBase"]
[SourceQuality "1"]
[TimeControl "40/6600+30:3000+30"]

1. Nf3 Nf6 2. g3 c5 3. Bg2 Nc6 4. d4 cxd4 5. Nxd4 Nxd4 6. Qxd4 g6 7. Nc3 Bg7 8. Be3 O-O 9. h3 d6 10. Qd2 Re8 11. O-O Bd7 12. Bxb7 Bxh3 13. Bg2 Bxg2 14. Kxg2 Qd7 15. f3 Rab8 16. Rab1 d5 17. Rfd1 Red8 18. Bd4 e6 19. Qe3 Rb7 20. b3 Qc7 21. Be5 Ng4 22. fxg4 Qxe5 23. Qxe5 Bxe5 24. Na4 Rc8 25. Rd2 Rbc7 26. c3 Bxc3 27. Nxc3 Rxc3 28. Rbd1 Kg7 29. Rd4 Rc2 30. R1d2 Kf6 31. Kf2 Rxd2 32. Rxd2 Ke5 33. e3 Rc1 34. Kf3 f5 35. g5 Kd6 36. Rh2 Rc7 37. Rh4 e5 38. Ra4 e4+ 39. Kf4 Ke6 40. Ra6+ Ke7 41. Ke5 Rd7 42. Kd4 Kf7 43. b4 Ke7 44. a4 Kf7 45. b5 Ke7 46. Rc6 Kf7 47. a5 Ke7 48. b6 axb6 49. axb6 Rd8 50. Rc7+ Kd6 51. Rf7 Kc6 52. b7 Rh8 53. Rxh7 Rb8 54. Rg7 Rd8 55. Rxg6+ Kxb7 56. Rf6 Kc7 57. Rxf5 Kc6 58. Rf6+ Kd7 59. Kxd5 Ke7+ 60. Kxe4 Ra8 61. Kf4 Ra4+ 62. e4 Ra1 63. Kf5 Rf1+ 64. Ke5 Ra1 65. Rb6 Kf7 66. g6+ Kg7 67. Kf5 Ra5+ 68. e5 Ra7 69. Rf6 Ra3 70. Rf7+ Kg8 71. g4 Rf3+ 72. Ke6 Rg3 73. Rf4 Kg7 74. Kf5 Ra3 75. Kg5 Re3 76. Rf7+ Kg8 77. Kf6 Rf3+ 78. Ke6 Rg3 79. Kf5 Rf3+ 80. Kg5 Re3 81. Re7 Ra3 82. e6 Re3 83. Kf6 Rf3+ 84. Ke5 Re3+ 85. Kf4 Re1 86. g5 Rf1+ 87. Ke5 Re1+ 88. Kd6 Rd1+ 89. Kc7 Re1 90. Kd8 Re5 91. g7 Re1 92. Kd7 Rd1+ 93. Ke8 Re1 94. Kd7 Rd1+ 95. Kc6 Re1 96. Kd6 Rd1+ 97. Ke5 Kh7 98. Rf7 Re1+ 99. Kf6 Rf1+ 100. Ke7 Re1 101. Kf8 1-0

[Event "95th Caplin Hastings Congress"]
[Site "Hastings"]
[Date "2019.12.30"]
[Round "3.45"]
[White "Burrows, Nick"]
[Black "Bryant, Marc A"]
[Result "1-0"]
[ECO "D08"]
[WhiteElo "1952"]
[BlackElo "1823"]
[Annotator "NA"]
[PlyCount "49"]
[EventDate "2019.12.28"]
[EventType "swiss"]
[EventCountry "ENG"]
[SourceTitle "playchess.com"]
[Source "ChessBase"]
[SourceQuality "1"]
[TimeControl "40/6600+30:3000+30"]

1. d4 d5 2. c4 e5 3. dxe5 d4 4. Nf3 Nc6 5. Nbd2 Bf5 6. a3 Qe7 7. g3 Nxe5 8. Nxe5 Qxe5 9. Nf3 Qa5+ 10. Bd2 Qb6 11. b4 c5 12. Bg2 g6 13. Nh4 Be6 14. bxc5 Qxc5 15. O-O Rb8 16. Bb4 Qxc4 17. Rc1 Qa6 18. Qxd4 Bxb4 19. Qxh8 Bf8 20. Qxg8 f6 21. Qxh7 Bf7 22. Rc7 Qe6 23. Rd1 Bxa3 24. Rdd7 Qf5 25. Qxf7# 1-0

[Event "95th Caplin Hastings Congress"]
[Site "Hastings"]
[Date "2019.12.30"]
[Round "3.46"]
[White "Kearsley, Raymond J"]
[Black "Spanton, Tim R"]
[Result "0-1"]
[ECO "A30"]
[WhiteElo "1624"]
[BlackElo "1951"]
[Annotator "NA"]
[PlyCount "134"]
[EventDate "2019.12.28"]
[EventType "swiss"]
[EventCountry "ENG"]
[SourceTitle "playchess.com"]
[Source "ChessBase"]
[SourceQuality "1"]
[TimeControl "40/6600+30:3000+30"]

1. e4 c5 2. Nf3 g6 3. c4 Bh6 4. Bd3 Nc6 5. a3 d6 6. O-O Ne5 7. Nxe5 dxe5 8. Be2 Nf6 9. Nc3 O-O 10. Qc2 b6 11. d3 Bxc1 12. Raxc1 Bb7 13. Qd2 Kg7 14. Qe3 e6 15. Kh1 Qe7 16. f4 exf4 17. Qxf4 e5 18. Qg3 Rad8 19. Rf2 Ne8 20. Rcf1 f6 21. Qh4 Nc7 22. Rf3 Ne6 23. g3 Nd4 24. Re3 g5 25. Qh3 Nxe2 26. Nxe2 Bc8 27. g4 h5 28. Nc3 Bxg4 29. Qg2 Be6 30. Nd5 Bxd5 31. cxd5 Kg6 32. Ref3 Rf7 33. Rf5 Rdf8 34. R1f3 b5 35. Qc2 a5 36. Rh3 Qc7 37. Qe2 Rh8 38. Rhf3 a4 39. Qf2 Rhf8 40. Rh3 b4 41. Qe2 Rh8 42. Rhf3 bxa3 43. bxa3 Qb6 44. Qf2 Rhf8 45. Rh3 Rb8 46. Qe2 Rh8 47. Rhf3 Qb1+ 48. Rf1 Qb3 49. R5f3 g4 50. Rg3 f5 51. exf5+ Rxf5 52. Qe4 Rhf8 53. Rfg1 Kf6 54. d4 Qb2 55. dxc5 Qd4 56. Qxd4 exd4 57. Rd3 Rxd5 58. c6 Rc8 59. Rc1 Ke5 60. Rc4 Ke4 61. Rd1 Ke3 62. c7 Rd7 63. Rxa4 Rcxc7 64. Rb4 d3 65. Kg2 Rc2+ 66. Kg3 d2 67. Rbb1 Rdc7 0-1

[Event "95th Caplin Hastings Congress"]
[Site "Hastings"]
[Date "2019.12.30"]
[Round "3.47"]
[White "Ortiz Sanchez, Luis"]
[Black "Salmons, Calum"]
[Result "0-1"]
[ECO "B23"]
[WhiteElo "1947"]
[BlackElo "1796"]
[Annotator "NA"]
[PlyCount "110"]
[EventDate "2019.12.28"]
[EventType "swiss"]
[EventCountry "ENG"]
[SourceTitle "playchess.com"]
[Source "ChessBase"]
[SourceQuality "1"]
[TimeControl "40/6600+30:3000+30"]

1. e4 c5 2. Nc3 Nc6 3. Bb5 Nd4 4. Nf3 Nxb5 5. Nxb5 d6 6. O-O Nf6 7. Re1 g6 8. d4 Bd7 9. Nc3 cxd4 10. Qxd4 Bg7 11. Bg5 O-O 12. Rad1 Bc6 13. Qb4 Qc7 14. Rd2 Rac8 15. Nd5 Bxd5 16. exd5 Rfe8 17. c3 Qc4 18. Qxc4 Rxc4 19. Bxf6 Bxf6 20. Rd3 b5 21. Nd2 Ra4 22. Ne4 Rc8 23. Nxf6+ exf6 24. a3 a5 25. g3 Rac4 26. Ree3 b4 27. axb4 axb4 28. cxb4 Rxb4 29. Rb3 Rd4 30. Red3 Rxd3 31. Rxd3 Rc5 32. Kg2 Rb5 33. b3 f5 34. Kf3 Kg7 35. Ke3 Kf6 36. h4 Rb4 37. f4 h6 38. Kd2 g5 39. Kc3 Rb8 40. fxg5+ hxg5 41. hxg5+ Kxg5 42. Rd4 Kf6 43. b4 Ke5 44. Rd2 Rc8+ 45. Kb3 Rg8 46. Rd3 Ke4 47. Rd1 Rxg3+ 48. Kc4 f4 49. Re1+ Re3 50. Rf1 f3 51. b5 Re2 52. Kc3 f2 53. b6 Kf3 54. Rxf2+ Kxf2 55. b7 Re8 0-1

[Event "95th Caplin Hastings Congress"]
[Site "Hastings"]
[Date "2019.12.30"]
[Round "3.48"]
[White "Kumar, Sanjit S"]
[Black "Barton, R Alan"]
[Result "1/2-1/2"]
[ECO "A42"]
[WhiteElo "1501"]
[BlackElo "1945"]
[Annotator "NA"]
[PlyCount "100"]
[EventDate "2019.12.28"]
[EventType "swiss"]
[EventCountry "ENG"]
[SourceTitle "playchess.com"]
[Source "ChessBase"]
[SourceQuality "1"]
[TimeControl "40/6600+30:3000+30"]

1. e4 g6 2. d4 Bg7 3. c4 d6 4. Nc3 Nd7 5. Nf3 e6 6. Bg5 Ne7 7. Be2 h6 8. Be3 b6 9. Qd2 Bb7 10. a3 a6 11. b4 Nf6 12. Bd3 Ng4 13. Bf4 e5 14. dxe5 Nxe5 15. Be2 N7c6 16. O-O Nxf3+ 17. Bxf3 Nd4 18. Rad1 Nxf3+ 19. gxf3 Qh4 20. Bg3 Qf6 21. Nd5 Bxd5 22. Qxd5 O-O 23. Kg2 g5 24. Rfe1 Rfd8 25. Qb7 a5 26. b5 Rac8 27. e5 dxe5 28. Bxe5 Qf5 29. Bxg7 Rxd1 30. Rxd1 Kxg7 31. Qd5 Qxd5 32. Rxd5 Kf6 33. f4 Kg6 34. fxg5 hxg5 35. c5 f6 36. cxb6 cxb6 37. Rd6 Rc3 38. Rxb6 Rxa3 39. Ra6 a4 40. b6 Rb3 41. Rxa4 Rxb6 42. Ra5 Rb3 43. Rc5 f5 44. Rc6+ Kh5 45. Rc4 g4 46. Rf4 Kg5 47. Ra4 f4 48. Ra8 Kh4 49. Rh8+ Kg5 50. Rg8+ Kh4 1/2-1/2

[Event "95th Caplin Hastings Congress"]
[Site "Hastings"]
[Date "2019.12.30"]
[Round "3.49"]
[White "Howell, Oliver W"]
[Black "Thatte, Nishchal"]
[Result "0-1"]
[ECO "D03"]
[WhiteElo "1928"]
[BlackElo "1723"]
[Annotator "NA"]
[PlyCount "76"]
[EventDate "2019.12.28"]
[EventType "swiss"]
[EventCountry "ENG"]
[SourceTitle "playchess.com"]
[Source "ChessBase"]
[SourceQuality "1"]
[TimeControl "40/6600+30:3000+30"]

1. d4 Nf6 2. Nf3 e6 3. Bg5 d5 4. Nbd2 b6 5. e3 Be7 6. Bd3 Bb7 7. O-O Nbd7 8. Qe2 h6 9. Bh4 Ne4 10. Bxe7 Qxe7 11. Ne5 Nxe5 12. dxe5 Nc5 13. f4 Nxd3 14. Qxd3 g6 15. c3 c5 16. a4 O-O 17. a5 Rfd8 18. Ra3 Qd7 19. Rd1 Bc6 20. Nf3 Kg7 21. h3 Rab8 22. Qe2 Qe7 23. axb6 Rxb6 24. Rda1 Rb7 25. b4 cxb4 26. cxb4 Bb5 27. Qd2 a6 28. Nd4 Rdb8 29. Nb3 Bc4 30. Na5 Qxb4 31. Nxc4 dxc4 32. Qxb4 Rxb4 33. Rxa6 Rc8 34. Rc1 c3 35. Ra2 Rb2 36. Rxb2 cxb2 37. Rxc8 b1=Q+ 38. Kf2 Qb2+ 0-1

[Event "95th Caplin Hastings Congress"]
[Site "Hastings"]
[Date "2019.12.30"]
[Round "3.50"]
[White "Kumar, Soham"]
[Black "Garnett, John S"]
[Result "0-1"]
[ECO "B01"]
[WhiteElo "1512"]
[BlackElo "1865"]
[Annotator "NA"]
[PlyCount "62"]
[EventDate "2019.12.28"]
[EventType "swiss"]
[EventCountry "ENG"]
[SourceTitle "playchess.com"]
[Source "ChessBase"]
[SourceQuality "1"]
[TimeControl "40/6600+30:3000+30"]

1. e4 d5 2. exd5 Nf6 3. d4 Bg4 4. Be2 Bxe2 5. Nxe2 Qxd5 6. O-O Nc6 7. Nbc3 Qh5 8. Bf4 O-O-O 9. Qc1 Nxd4 10. Nxd4 Rxd4 11. Qe3 c5 12. Nb5 Nd5 13. Qa3 Nxf4 14. Nxd4 cxd4 15. Qxa7 e6 16. Qb6 Bc5 17. Qa5 Rd8 18. Qa8+ Kc7 19. Qa5+ b6 20. Qa7+ Kc6 21. Qa4+ Kb7 22. b4 Rd5 23. Qb3 d3 24. g3 Bxf2+ 25. Rxf2 Nh3+ 26. Kf1 Nxf2 27. Kxf2 Qe2+ 28. Kg1 d2 29. c4 d1=Q+ 30. Rxd1 Rxd1+ 31. Qxd1 Qxd1+ 0-1

[Event "95th Caplin Hastings Congress"]
[Site "Hastings"]
[Date "2019.12.30"]
[Round "3.51"]
[White "Sugden, John N"]
[Black "Butt, Laurence"]
[Result "0-1"]
[ECO "A90"]
[WhiteElo "2065"]
[BlackElo "1694"]
[Annotator "NA"]
[PlyCount "82"]
[EventDate "2019.12.28"]
[EventType "swiss"]
[EventCountry "ENG"]
[SourceTitle "playchess.com"]
[Source "ChessBase"]
[SourceQuality "1"]
[TimeControl "40/6600+30:3000+30"]

1. d4 f5 2. g3 e6 3. Bg2 Nf6 4. Nf3 d5 5. O-O Bd6 6. c4 c6 7. b3 Qe7 8. Nc3 O-O 9. Bf4 Nbd7 10. Ne5 g5 11. Nxd7 Nxd7 12. Bxd6 Qxd6 13. Qd2 Qe7 14. f3 Qg7 15. e4 Nf6 16. e5 Ne8 17. f4 gxf4 18. gxf4 Bd7 19. Kh1 Kh8 20. Rg1 Qh6 21. Bf3 Ng7 22. Rg5 Be8 23. Qe2 Bg6 24. Qg2 Ne8 25. Ne2 Nc7 26. Rg3 Rg8 27. Rh3 Qg7 28. Qf2 Qe7 29. Bg2 a5 30. Nc3 b5 31. cxb5 cxb5 32. Bf1 Be8 33. Be2 b4 34. Na4 Bb5 35. Bxb5 Nxb5 36. Rc1 Rac8 37. Rc5 Rxc5 38. dxc5 d4 39. Rg3 Rd8 40. Rd3 Qb7+ 41. Qg2 Qe4 0-1

[Event "95th Caplin Hastings Congress"]
[Site "Hastings"]
[Date "2019.12.30"]
[Round "3.52"]
[White "Flynn, David"]
[Black "Sandhu, Manvith"]
[Result "1/2-1/2"]
[ECO "B01"]
[WhiteElo "1853"]
[BlackElo "1673"]
[Annotator "NA"]
[PlyCount "32"]
[EventDate "2019.12.28"]
[EventType "swiss"]
[EventCountry "ENG"]
[SourceTitle "playchess.com"]
[Source "ChessBase"]
[SourceQuality "1"]
[TimeControl "40/6600+30:3000+30"]

1. e4 Nc6 2. d4 d5 3. exd5 Qxd5 4. Nf3 e5 5. Nc3 Bb4 6. Bd2 Bxc3 7. Bxc3 e4 8. Ne5 Nxe5 9. dxe5 Ne7 10. Qe2 O-O 11. Rd1 Qc6 12. Rd4 Bf5 13. Qd1 Ng6 14. Rc4 Qb6 15. Rb4 Qc6 16. Bb5 Qc5 1/2-1/2

[Event "95th Caplin Hastings Congress"]
[Site "Hastings"]
[Date "2019.12.30"]
[Round "3.53"]
[White "Miller, George"]
[Black "Lakshmi Raja Perumal K"]
[Result "1-0"]
[ECO "C50"]
[WhiteElo "1845"]
[BlackElo "1492"]
[Annotator "NA"]
[PlyCount "57"]
[EventDate "2019.12.28"]
[EventType "swiss"]
[EventCountry "ENG"]
[SourceTitle "playchess.com"]
[Source "ChessBase"]
[SourceQuality "1"]
[TimeControl "40/6600+30:3000+30"]

1. e4 e5 2. Nf3 Nc6 3. d4 d6 4. Bc4 exd4 5. Nxd4 Ne5 6. Bb3 c5 7. Ba4+ Bd7 8. Bxd7+ Qxd7 9. Nf5 g6 10. Ne3 Bg7 11. Nc3 Ne7 12. Ned5 O-O 13. Bg5 f6 14. Bf4 Rfe8 15. Bxe5 Nxd5 16. Qxd5+ Re6 17. Bf4 Kh8 18. O-O-O f5 19. exf5 gxf5 20. Rhe1 Rae8 21. Rxe6 Rxe6 22. Bxd6 Bxc3 23. Be5+ Bxe5 24. Qxd7 Bf4+ 25. Kb1 Re2 26. Qf7 Bd6 27. b4 Be7 28. Rd8+ Bxd8 29. Qf8# 1-0

[Event "95th Caplin Hastings Congress"]
[Site "Hastings"]
[Date "2019.12.30"]
[Round "3.54"]
[White "Khoo-Thwe, Louis"]
[Black "Gisbert Mir, Alejandro"]
[Result "1/2-1/2"]
[ECO "C55"]
[WhiteElo "1690"]
[BlackElo "1835"]
[Annotator "NA"]
[PlyCount "99"]
[EventDate "2019.12.28"]
[EventType "swiss"]
[EventCountry "ENG"]
[SourceTitle "playchess.com"]
[Source "ChessBase"]
[SourceQuality "1"]
[TimeControl "40/6600+30:3000+30"]

1. e4 e5 2. Nf3 Nc6 3. Bc4 Nf6 4. d3 Be7 5. O-O O-O 6. c3 d6 7. Be3 a6 8. b4 b5 9. Bb3 d5 10. exd5 Nxd5 11. a3 a5 12. Bxd5 Qxd5 13. c4 bxc4 14. Nc3 Qxd3 15. Qxd3 cxd3 16. b5 Nd4 17. Bxd4 exd4 18. Nd5 Bd6 19. Rfe1 Be6 20. Re5 Bxe5 21. Ne7+ Kh8 22. Nxe5 Rfe8 23. N7c6 Bd5 24. Nxd3 Bxc6 25. bxc6 Rab8 26. Rd1 Rb3 27. Nf4 Rc3 28. g3 Rxc6 29. Rxd4 g6 30. Rd5 a4 31. Rd3 Rb8 32. Rd4 Ra6 33. Rd7 c6 34. Rxf7 Kg8 35. Rc7 Rb3 36. Rc8+ Kf7 37. Rc7+ Kf6 38. Rxh7 Rxa3 39. Rh6 Rf3 40. Rxg6+ Kf5 41. Rg8 Rxf4 42. Rf8+ Ke5 43. gxf4+ Ke4 44. Re8+ Kxf4 45. Re2 a3 46. Ra2 c5 47. Kf1 Kf3 48. Ke1 c4 49. Kd2 Kxf2 50. Kc3+ 1/2-1/2